 Dungeon Crawl Stone Soup version 0.19-a0-1071-g4ed3155 (webtiles) character file.

26 Charly the Sneak (level 2, -9/13 HPs)
             Began as a Spriggan Enchanter on Aug 5, 2016.
             Killed from afar by Natasha (10 damage)
             ... with a magic dart
             ... on level 2 of the Dungeon.
             The game lasted 00:01:20 (69 turns).

Charly the Sneak (Spriggan Enchanter)                 Turns: 69, Time: 00:01:21

Health: -9/13      AC:  3    Str:  4    XL:     2   Next: 89%
Magic:  1/6        EV: 18    Int: 16    God:
Gold:   0          SH:  0    Dex: 16    Spells: 2 memorised, 3 levels left

rFire  . . .     SeeInvis +     e - +0 dagger (freeze)
rCold  . . .     Gourm    .     b - +1 robe
rNeg   . . .     Faith    .     (shield restricted)
rPois  .         Spirit   .     (helmet restricted)
rElec  .         Dismiss  .     (no cloak)
rCorr  .         Reflect  .     (gloves unavailable)
SustAt .         Harm     .     (boots unavailable)
MR     .....                    (no amulet)
Stlth  +++.......               (no ring)
                                (no ring)

@: very quick
A: unfitting armour, see invisible, herbivore 3, speed 3, slow metabolism 2
a: no special abilities


You were on level 2 of the Dungeon.
You were not hungry.

You visited 1 branch of the dungeon, and saw 2 of its levels.

Inventory:

Hand Weapons
 a - a +1 dagger
 e - a +0 dagger of freezing (weapon)
Armour
 b - a +1 robe (worn)
Jewellery
 h - an uncursed amulet of harm {unknown}
Scrolls
 g - a scroll of amnesia {unknown}
Potions
 f - a potion of curing {unknown}
Books
 c - a book of Maledictions

   Spells                             Type                      Level
   a - Corona                         Hexes                        1
   b - Ensorcelled Hibernation        Hexes/Ice                    2
   c - Confuse                        Hexes                        3
   d - Tukima's Dance                 Hexes                        3
   e - Dazzling Spray                 Conjuration/Hexes            3
Comestibles
 d - a bread ration


   Skills:
 - Level 1.1 Short Blades
 - Level 3.0 Dodging
 + Level 5.3 Stealth
 - Level 2.6 Spellcasting
 + Level 4.4 Hexes


You had 3 spell levels left.
You knew the following spells:

 Your Spells              Type           Power        Failure   Level  Hunger
a - Corona                Hex            ###....      3%          1    #......
h - Ensorcelled Hibernat  Hex/Ice        #.....       14%         2    ##.....


Dungeon Overview and Level Annotations

Branches:
Dungeon (2/15)

Altars:

Annotations:
D:2 Natasha


Innate Abilities, Weirdness & Mutations

You are tiny and cannot use many weapons and most armour.
You have supernaturally acute eyesight. (SInv)
You are a herbivore.
You cover ground extremely quickly.
You need consume almost no food.


Message History

You see here a scroll labeled QAOBRE KARRIOF.
g - a scroll labeled QAOBRE KARRIOF Natasha wildly gestures.
You feel troubled.
Natasha stares at you and mumbles some strange words.
You resist with some effort. Natasha casts a spell at you.
The magic dart hits you!
You see here a triangular blue amulet.
h - a triangular blue amulet An adder comes into view.
The adder hisses angrily.
Natasha stares at you and mumbles some strange words.
The magic dart hits you!
Ouch! That really hurt!
* * * LOW HITPOINT WARNING * * *
Natasha casts a spell at you. The magic dart hits you!
Ouch! That really hurt!
You die...

#l# .##### ##.#####
#.##......
.......#####.l.....#
...###...h.h..####.#
#...#...###..####
#....S...##..#.. .
#...#........#.# ...
#.##.##...##...#†#.....
#......@...............
####.####......#.#...S.
# #####.##.# ... #.# ..
g ... ### ..... #.....#
#. .#


You could see Natasha and an adder.

Vanquished Creatures
  Ijyb (D:2)
  A goblin (D:1)
2 creatures vanquished.

Notes
Turn   | Place    | Note
-------+----------+-------------------------------------------
     0 | D:1      | Charly the Spriggan Enchanter began the quest for the Orb.
     0 | D:1      | Reached XP level 1. HP: 9/9 MP: 5/5
    38 | D:2      | Noticed Ijyb
    44 | D:2      | Killed Ijyb
    44 | D:2      | Reached skill level 5 in Stealth
    44 | D:2      | Reached XP level 2. HP: 13/13 MP: 6/6
    49 | D:2      | Noticed Natasha
    54 | D:2      | Learned a level 2 spell: Ensorcelled Hibernation
    69 | D:2      | Killed from afar by Natasha

Vault maps used:
D:1:      minmay_arrival_stair_chambers, okawaru_ov_weapons_minmay
D:2:      minmay_wonky_spiral, first_bread, lemuel_statue_altar, uniq_iyjb,
          uniq_robin, uniq_crazy_yiuf_cottage, uniq_natasha

Skill      XL: |  1 |
---------------+----+-----
Stealth        | 5 |  5.3
Hexes          | 4 |  4.4
Short Blades   | |  1.1
Dodging        | |  3.0
Spellcasting   | |  2.6

Action                   || total
-------------------------++-------
Melee: Dagger            ||     2
 Cast: Ensorcelled Hiber ||     3
 Stab: Sleeping          ||     2
Dodge: Dodged            ||     3
